 Dungeon Crawl Stone Soup version 0.29-a0-270-g1586fc07ea (webtiles) character file.

Game seed: 1301504387416475046

30 testman the Grave Robber (level 3, -2/36 HPs)
             Began as a Demonspawn Necromancer on Mar 7, 2022.
             Slain by Terence
             ... wielding a +0 hand axe
              (5 damage)
             ... on level 2 of the Dungeon.
             The game lasted 00:03:09 (1675 turns).

testman the Grave Robber (Demonspawn Necromancer)   Turns: 1675, Time: 00:03:10

Health: -2/36      AC: 21    Str:  8    XL:     3   Next: 5%
Magic:  4/7        EV:  2    Int: 18    God:
Gold:   37         SH:  0    Dex: 13    Spells: 6/7 levels left

rFire   . . .      SeeInvis .   f - +0 dagger
rCold   . . .      Faith    .   (no shield)
rNeg    . . .      Spirit   .   (body armour currently unavailable)
rPois   +          Reflect  .   (helmet currently unavailable)
rElec   .          Harm     .   (cloak currently unavailable)
rCorr   .          Rampage  .   (gloves currently unavailable)
Will    .....      NoTele   +   (boots currently unavailable)
Stlth   ++........              (no amulet)
HPRegen 0.12/turn               (no ring)
MPRegen 0.10/turn               (no ring)

@: tree-form
A: stationary, stasis, torment immunity, boosted hp, (hooves 1), demonic magic 1
a: no special abilities


You were on level 2 of the Dungeon.
You were a tree.
You visited 1 branch of the dungeon, and saw 2 of its levels.

You collected 37 gold pieces.

Inventory:

Hand Weapons
 f - a +0 dagger (weapon)
Missiles
 d - 46 stones
Armour
 a - a +0 robe (melded)
Scrolls
 c - 3 scrolls of identify {unknown}
Potions
 b - a potion of magic
 e - a potion of resistance {unknown}
 g - a potion of lignification


   Skills:
 - Level 1.7 Dodging
 - Level 1.7 Stealth
 + Level 2.7 Spellcasting
 + Level 5.0 Necromancy


You had 6 spell levels left.
You knew the following spells:

 Your Spells              Type           Power      Damage    Failure   Level
a - Pain                  Necr           80%        1d8       2%          1

Your spell library contained the following spells:

 Spells                   Type           Power      Damage    Failure   Level
 Animate Skeleton         Necr           40%        N/A       2%          1
 Vampiric Draining        Necr           20%        2d7       6%          3
 Animate Dead             Necr           10%        N/A       22%         4
 Agony                    Necr           20%        N/A       52%         5


Dungeon Overview and Level Annotations

Branches:
Dungeon (2/15)

Altars:

Annotations:
D:2 Terence


Innate Abilities, Weirdness & Mutations

You are a tree.
Your roots penetrate the ground, keeping you stationary.
You cannot be teleported.
You are immune to unholy pain and torment.
Your maximum health is greatly increased.
Your equipment is partially melded.
((You have large cloven feet.))
Spells you cast may paralyse adjacent enemies.


Message History

Terence is moderately wounded.
Terence barely misses you.
You hit Terence. Your kick misses Terence.
Terence is heavily wounded.
Terence hits you with a +0 hand axe.
You hit Terence but do no damage.
Terence is heavily wounded.
Terence shouts, "DIE!!!"
Terence closely misses you.
You hit Terence but do no damage. Your kick misses Terence.
Terence is heavily wounded.
Terence misses you.
You hit Terence but do no damage.
Terence is heavily wounded.
Terence hits you with a +0 hand axe.
You are too injured to fight recklessly!
You are too injured to fight recklessly!
You are too injured to fight recklessly!
You hit Terence. Your kick misses Terence.
Terence is heavily wounded.
Terence hits you with a +0 hand axe.
* * * LOW HITPOINT WARNING * * *
You hit Terence but do no damage.
Terence is heavily wounded.
Terence hits you with a +0 hand axe.
* * * LOW HITPOINT WARNING * * *
Terence attacks as you move away! Terence barely misses you.
Aiming: Pain (safe; 2% risk of failure)
Press: ? - help, Q - select action, (/) - cycle Shift-Dir - straight line, f/p - Terence
Aim: Terence, wielding a +0 hand axe and wearing a +0 scale mail (heavily wounded, chance to affect: 84%) Terence barely resists.
Malevolent energies surge around you. Terence hits you with a +0 hand axe.
* * * LOW HITPOINT WARNING * * *
It was a potion of lignification.
You turn into a tree.
Your +0 robe melds into your body.
Your roots penetrate the ground.
Terence hits you but does no damage.
You barely miss Terence.
Terence is heavily wounded.
Terence hits you with a +0 hand axe.
You die...

#.# #..#.# # #..#.# .#
#..#.###.# #..#.....###
#########..#........
.....)...........#
#.#######...##..#.###.###
#......@♣.#..............
#########...##.#.######..
######.#.# #.#.# #.#.#
#.. #.#.# #.. #.#[# #..
#.#.# #.. #.#.# #..


You could see Terence.

Vanquished Creatures
  3 ball pythons
  3 bats (D:1)
  4 endoplasms
  A giant cockroach (D:1)
  2 goblins (D:1)
  5 quokkas (D:1)
  6 frilled lizards
  2 kobolds
  2 rats (D:1)
28 creatures vanquished.

Notes
Turn   | Place    | Note
-------+----------+-------------------------------------------
     0 | D:1      | testman the Demonspawn Necromancer began the quest for the
                  | Orb.
     0 | D:1      | Reached XP level 1. HP: 13/13 MP: 3/3
   329 | D:1      | Gained mutation: Spells you cast may paralyse adjacent
                  | enemies. [demonic ancestry]
   329 | D:1      | Reached XP level 2. HP: 14/19 MP: 0/5
  1512 | D:2      | Gained mutation: You have large cloven feet. [demonic
                  | ancestry]
  1512 | D:2      | Reached XP level 3. HP: 19/24 MP: 1/7
  1602 | D:2      | Reached skill level 5 in Necromancy
  1660 | D:2      | Noticed Terence
  1673 | D:2      | HP: 1/24 [Terence/+0 hand axe (3)]
  1675 | D:2      | Slain by Terence

Illustrated notes

Levels and vault maps discovered:
D:1:      nzn_arrival_crosshair, layout_basic, serial_bayou_pond_a,
          serial_park_tiny_1
D:2:      layout_loops_ring, hellmonk_ecumenical_altar_lost_god, minivault_24,
          uniq_terence, uniq_natasha, uniq_crazy_yiuf_cottage

Skill      XL: |  1  2  3 |
---------------+----------+-----
Necromancy     | 5 |  5.0
Dodging        | |  1.7
Stealth        | |  1.7
Spellcasting   | |  2.7

Action                   || total
-------------------------++-------
Melee: Dagger            ||    15
       Kick              ||     1
 Cast: Pain              ||    40
  Use: Potion            ||     1
 Stab: Sleeping          ||     1
Armor: Robe              ||     1
       Skin              ||     1
Dodge: Dodged            ||    12

Table legend: (Time is in decaauts)
 A = Elapsed time spent in this place.
 B = Non-inter-level travel time spent in this place.
 C = Inter-level travel time spent in this place.
 D = Time resting spent in this place.
 E = Time spent auto-exploring this place.
 F = Levels seen in this place.
 G = Mean time per level.
                   A        B        C        D        E       F      G
               +--------+--------+--------+--------+--------+-----+--------+
         Total |   1674 |   1633 |     41 |    210 |   1276 |   2 |  837.0 |
       Dungeon |   1674 |   1633 |     41 |    210 |   1276 |   2 |  837.0 |
               +--------+--------+--------+--------+--------+-----+--------+

Top non-repeatable levels by time:
     D:1: 1504 daAuts
     D:2: 169 daAuts
